BSA
ST CHARLES SHEENS @ POCATELLO BELLAS
07/13/2030
 
TOP OF THE 1ST
St Charles Sheens batting - Pitching for Pocatello Bellas : LHP Hong-ryul Yun
Pitching: LHP Hong-ryul Yun
Batting: RHB Miguel Palácios 0-0: Called Strike
0-1: Called Strike
0-2: Ground out 5-3 (Groundball, 56)
Batting: LHB Larry Howard 0-0: Ball
1-0: Called Strike
1-1: Swinging Strike
1-2: Strikes out looking
Batting: RHB Shawn Gutiérrez 0-0: Ball
1-0: Fly out, F7 (Flyball, 7LSF)
Top of the 1st over - 0 runs, 0 hits, 0 errors, 0 left on base; St Charles 0 - Pocatello 0
BOTTOM OF THE 1ST
Pocatello Bellas batting - Pitching for St Charles Sheens : RHP Jesús Andrade
Pitching: RHP Jesús Andrade
Batting: RHB Buck Jones 0-0: Ball
1-0: Foul Ball, location: 2F
1-1: Ball
2-1: Swinging Strike
2-2: SINGLE (Groundball, 56D)
Batting: LHB Keith Beard 0-0: Called Strike
0-1: Ball
1-1: Ball
2-1: Ball
3-1: Foul Ball, location: 2F
3-2: Base on Balls
Buck Jones to second
Batting: SHB Shane Hutchinson 0-0: Swinging Strike
0-1: Foul Ball, location: 2F
0-2: Ball
1-2: Reached on error, E4 (Groundball, 34)
Buck Jones to third
Keith Beard to second
Batting: LHB Roberto García 0-0: Grounds into double play, 4-6-3 (Groundball, 4)
Buck Jones scores
Keith Beard to third
Batting: RHB Júlio Figueroa 0-0: Foul Ball, location: 2F
0-1: Ground out 6-3 (Groundball, 6)
Bottom of the 1st over - 1 run, 1 hit, 1 error, 1 left on base; St Charles 0 - Pocatello 1
TOP OF THE 2ND
St Charles Sheens batting - Pitching for Pocatello Bellas : LHP Hong-ryul Yun
Batting: RHB Víctor Arredondo 0-0: Ball
1-0: Fly out, F8 (Flyball, 8RD)
Batting: RHB Jesús Hernández 0-0: Ball
1-0: Ground out 4-3 (Groundball, 4)
Batting: RHB Ramón Molina 0-0: Foul Ball, location: 2F
0-1: Ball
1-1: SINGLE (Line Drive, 4M)
Batting: RHB Glen MacDonald 0-0: Ball
1-0: Called Strike
1-1: Called Strike
1-2: Ball
2-2: TRIPLE (Flyball, 78XD)
Ramón Molina scores
Batting: RHB Sergio Pujols 0-0: SINGLE (Line Drive, 78S)
Glen MacDonald scores
Batting: RHB Salvador Rodríguez 0-0: Called Strike
0-1: Fielders Choice at 2nd, 6-4 (Groundball, 6)
Top of the 2nd over - 2 runs, 3 hits, 0 errors, 1 left on base; St Charles 2 - Pocatello 1
BOTTOM OF THE 2ND
Pocatello Bellas batting - Pitching for St Charles Sheens : RHP Jesús Andrade
Batting: SHB Juan Castro 0-0: Ball
1-0: Ball
2-0: Called Strike
2-1: Foul Ball, location: 2F
2-2: Foul Ball, location: 2F
2-2: Ball
3-2: Foul Ball, location: 2F
3-2: Foul Ball, location: 2F
3-2: Foul Ball, location: 2F
3-2: Foul Ball, location: 2F
3-2: Base on Balls
Batting: RHB Juan Rodríguez 0-0: Foul Ball, location: 2F
0-1: Ball
1-1: Foul Ball, location: 2F
1-2: Ball
2-2: Foul Ball, location: 2F
2-2: Foul Ball, location: 2F
2-2: Foul Ball, location: 2F
2-2: Foul Ball, location: 2F
2-2: Foul Ball, location: 2F
2-2: Ball
3-2: Base on Balls
Juan Castro to second
Batting: RHB Francisco Ibarra 0-0: Fly out, F7 (Flyball, 7LD)
Batting: RHB Javier Deleón 0-0: Called Strike
0-1: Ball
1-1: Ground out 5-3 (Groundball, 56S)
Juan Castro to third
Juan Rodríguez to second
Batting: RHB Buck Jones 0-0: Foul Ball, location: 2F
0-1: Foul Ball, location: 2F
0-2: Fly out, F7 (Flyball, 7S)
Bottom of the 2nd over - 0 runs, 0 hits, 0 errors, 2 left on base; St Charles 2 - Pocatello 1
TOP OF THE 3RD
St Charles Sheens batting - Pitching for Pocatello Bellas : LHP Hong-ryul Yun
Batting: RHB Miguel Palácios 0-0: Called Strike
0-1: Ground out 4-3 (Groundball, 4M)
Batting: LHB Larry Howard 0-0: Called Strike
0-1: Ground out 4-3 (Groundball, 4)
Batting: RHB Shawn Gutiérrez 0-0: Ball
1-0: Foul Ball, location: 2F
1-1: Swinging Strike
1-2: Foul Ball, location: 2F
1-2: Ball
2-2: Ball
3-2: Base on Balls
Batting: RHB Víctor Arredondo 0-0: Ball
1-0: Ball
2-0: DOUBLE (Line Drive, 7LM)
Shawn Gutiérrez to third
Runner from 3rd tries for Home, SAFE, no throw
Batting: RHB Jesús Hernández 0-0: Ground out 5-3 (Groundball, 56S)
Top of the 3rd over - 1 run, 1 hit, 0 errors, 1 left on base; St Charles 3 - Pocatello 1
BOTTOM OF THE 3RD
Pocatello Bellas batting - Pitching for St Charles Sheens : RHP Jesús Andrade
Batting: LHB Keith Beard 0-0: Ball
1-0: Ball
2-0: Ball
3-0: Base on Balls
Batting: SHB Shane Hutchinson 0-0: Swinging Strike
0-1: SINGLE (Groundball, 4MD)
Keith Beard to second
Batting: LHB Roberto García 0-0: Ball
1-0: Foul Ball, location: 2F
1-1: Ball
2-1: Ball
3-1: Foul Ball, location: 2F
3-2: Base on Balls
Keith Beard to third
Shane Hutchinson to second
Batting: RHB Júlio Figueroa 0-0: SINGLE (Groundball, 5D)
Keith Beard scores
Shane Hutchinson to third
Roberto García to second
Runner from 3rd tries for Home, SAFE, no throw
Batting: SHB Juan Castro 0-0: Ground out 3-1 (Groundball, 34S)
Roberto García to third
Júlio Figueroa to second
Batting: RHB Juan Rodríguez 0-0: Foul Ball, location: 2F
0-1: Swinging Strike
0-2: Ball
1-2: Foul Ball, location: 2F
1-2: Ball
2-2: Foul Ball, location: 2F
2-2: Ball
3-2: Foul Ball, location: 2F
3-2: Foul Ball, location: 2F
3-2: DOUBLE (Flyball, 89D)
Roberto García scores
Júlio Figueroa scores
Batting: RHB Francisco Ibarra 0-0: Ball
1-0: Foul Ball, location: 2F
1-1: Ball
2-1: SINGLE (Flyball, 78S)
Juan Rodríguez to third
Runner from 3rd tries for Home, SAFE, throw made home
Batting: RHB Javier Deleón 0-0: Ball
Francisco Ibarra steals 2nd base
1-0: Swinging Strike
1-1: Ball
2-1: Foul Ball, location: 2F
2-2: Strikes out looking
Batting: RHB Buck Jones 0-0: Foul Ball, location: 2F
0-1: Ground out 5-3 (Groundball, 5)
Bottom of the 3rd over - 5 runs, 4 hits, 0 errors, 1 left on base; St Charles 3 - Pocatello 6
TOP OF THE 4TH
St Charles Sheens batting - Pitching for Pocatello Bellas : LHP Hong-ryul Yun
Batting: RHB Ramón Molina 0-0: Ball
1-0: Ball
2-0: Ball
3-0: Called Strike
3-1: SINGLE (Line Drive, 9LM)
Batting: RHB Glen MacDonald 0-0: Ball
1-0: Called Strike
1-1: Swinging Strike
1-2: Strikes out swinging
Batting: RHB Sergio Pujols 0-0: Ball
1-0: Ball
2-0: Ball
3-0: Base on Balls
Ramón Molina to second
Batting: RHB Salvador Rodríguez 0-0: Foul Ball, location: 2F
0-1: Ball
1-1: Swinging Strike
1-2: Strikes out swinging
Batting: RHB Miguel Palácios 0-0: Ball
1-0: Foul Ball, location: 2F
1-1: Swinging Strike
1-2: Fielders Choice at 2nd, 6-4 (Groundball, 6)
Top of the 4th over - 0 runs, 1 hit, 0 errors, 2 left on base; St Charles 3 - Pocatello 6
BOTTOM OF THE 4TH
Pocatello Bellas batting - Pitching for St Charles Sheens : RHP Jesús Andrade
Batting: LHB Keith Beard 0-0: Ball
1-0: Ball
2-0: Called Strike
2-1: Called Strike
2-2: Ground out 4-3 (Groundball, 34D)
Batting: SHB Shane Hutchinson 0-0: Ball
1-0: Ball
2-0: Called Strike
2-1: Ball
3-1: Base on Balls
Batting: LHB Roberto García 0-0: Fly out, F6 (Popup, 6S)
Batting: RHB Júlio Figueroa 0-0: Ball
1-0: Swinging Strike
1-1: Foul Ball, location: 2F
1-2: Ball
2-2: Ground out 1-3 (Groundball, 15)
Bottom of the 4th over - 0 runs, 0 hits, 0 errors, 1 left on base; St Charles 3 - Pocatello 6
TOP OF THE 5TH
St Charles Sheens batting - Pitching for Pocatello Bellas : LHP Hong-ryul Yun
Batting: LHB Larry Howard 0-0: Called Strike
0-1: Called Strike
0-2: Strikes out swinging
Batting: RHB Shawn Gutiérrez 0-0: Called Strike
0-1: Ball
1-1: Foul Ball, location: 2F
1-2: Ball
2-2: Strikes out swinging
Batting: RHB Víctor Arredondo 0-0: Foul Ball, location: 2F
0-1: Foul Ball, location: 2F
0-2: Ball
1-2: Strikes out looking
Top of the 5th over - 0 runs, 0 hits, 0 errors, 0 left on base; St Charles 3 - Pocatello 6
BOTTOM OF THE 5TH
Pocatello Bellas batting - Pitching for St Charles Sheens : RHP Jesús Andrade
Pitching: RHP Francisco López
Batting: SHB Juan Castro 0-0: Called Strike
0-1: Ball
1-1: Foul Ball, location: 2F
1-2: Fly out, F7 (Flyball, 7D)
Batting: RHB Juan Rodríguez 0-0: Ball
1-0: Foul Ball, location: 2F
1-1: Foul Ball, location: 2F
1-2: Ball
2-2: Ground out U3 (Groundball, 34)
Batting: RHB Francisco Ibarra 0-0: SINGLE (Groundball, 56D)
Batting: RHB Javier Deleón 0-0: Called Strike
0-1: Ball
1-1: Called Strike
1-2: Strikes out swinging passed ball, reaches first!
Francisco Ibarra to second
Batting: RHB Buck Jones 0-0: Ball
1-0: Fielders Choice at 2nd, 6-4 (Groundball, 56)
Bottom of the 5th over - 0 runs, 1 hit, 0 errors, 2 left on base; St Charles 3 - Pocatello 6
TOP OF THE 6TH
St Charles Sheens batting - Pitching for Pocatello Bellas : LHP Hong-ryul Yun
Batting: RHB Jesús Hernández 0-0: Ball
1-0: Ground out 4-3 (Groundball, 4M)
Batting: RHB Ramón Molina 0-0: Ball
1-0: Ball
2-0: Ground out 6-3 (Groundball, 6)
Batting: RHB Glen MacDonald 0-0: Called Strike
0-1: Ball
1-1: SINGLE (Line Drive, 56)
Batting: RHB Sergio Pujols 0-0: Ball
1-0: Foul Ball, location: 2F
1-1: Ball
2-1: Ball
3-1: Base on Balls
Glen MacDonald to second
Batting: RHB Salvador Rodríguez 0-0: Fielders Choice at 2nd, 6-4 (Groundball, 6)
Top of the 6th over - 0 runs, 1 hit, 0 errors, 2 left on base; St Charles 3 - Pocatello 6
BOTTOM OF THE 6TH
Pocatello Bellas batting - Pitching for St Charles Sheens : RHP Francisco López
Batting: LHB Keith Beard 0-0: Swinging Strike
0-1: Swinging Strike
0-2: Ball
1-2: Ball
2-2: Ball
3-2: Foul Ball, location: 2F
3-2: Foul Ball, location: 2F
3-2: Base on Balls
Batting: SHB Shane Hutchinson 0-0: Foul Ball, location: 2F
0-1: Swinging Strike
0-2: Ball
1-2: Ball
2-2: Ball
3-2: Base on Balls
Keith Beard to second
Batting: LHB Roberto García 0-0: Ball
1-0: Called Strike
1-1: Ball
2-1: Swinging Strike
2-2: Ball
3-2: Foul Ball, location: 2F
3-2: Base on Balls
Keith Beard to third
Shane Hutchinson to second
Batting: RHB Júlio Figueroa 0-0: Called Strike
0-1: Foul Ball, location: 2F
0-2: SINGLE (Groundball, 6D)
Keith Beard scores
Shane Hutchinson to third
Roberto García to second
Runner from 3rd tries for Home, SAFE, no throw
Batting: SHB Juan Castro 0-0: Ball
1-0: Foul Ball, location: 2F
1-1: Swinging Strike
1-2: Ball
2-2: Fly out, F7 (Line Drive, 78M)
Pitching: LHP Scott Davis
Batting: RHB Juan Rodríguez 0-0: Called Strike
0-1: Ball
1-1: Ball
2-1: Foul Ball, location: 2F
2-2: Strikes out swinging
Batting: RHB Francisco Ibarra 0-0: Ball
1-0: Swinging Strike
1-1: Ball
2-1: Ball
3-1: Fielders Choice at 2nd, 6-4 (Groundball, 6)
Bottom of the 6th over - 2 runs, 1 hit, 0 errors, 2 left on base; St Charles 3 - Pocatello 8
TOP OF THE 7TH
St Charles Sheens batting - Pitching for Pocatello Bellas : LHP Hong-ryul Yun
Batting: RHB Miguel Palácios 0-0: Ball
1-0: SINGLE (Line Drive, 34)
Batting: LHB Larry Howard 0-0: Fly out, F7 (Line Drive, 78D)
Batting: RHB Shawn Gutiérrez 0-0: Ball
1-0: Ball
Miguel Palácios steals 2nd base
2-0: Called Strike
2-1: Ball
3-1: SINGLE (Groundball, 56D)
Miguel Palácios to third
Runner from 3rd tries for Home, SAFE, no throw
Batting: RHB Víctor Arredondo 0-0: Foul Ball, location: 2F
0-1: Foul Ball, location: 2F
0-2: Ball
1-2: Foul Ball, location: 2F
1-2: Ball
2-2: Fielders Choice at 2nd, 2-6 (Groundball, 2R)
Batting: RHB Jesús Hernández 0-0: Ball
1-0: Called Strike
1-1: Swinging Strike
1-2: Ball
2-2: Ground out 6-3 (Groundball, 6)
Top of the 7th over - 1 run, 2 hits, 0 errors, 1 left on base; St Charles 4 - Pocatello 8
BOTTOM OF THE 7TH
Pocatello Bellas batting - Pitching for St Charles Sheens : LHP Scott Davis
Batting: RHB Javier Deleón 0-0: Foul Ball, location: 2F
0-1: SINGLE (Groundball, 5D)
Batting: RHB Buck Jones 0-0: Sac Bunt - play at first, batter safe!
Javier Deleón to second
Batting: LHB Keith Beard 0-0: Sac Bunt - play at first, batter OUT! 5-3
Javier Deleón to third
Buck Jones to second
Batting: SHB Shane Hutchinson 0-0: Foul Ball, location: 2F
0-1: Swinging Strike
0-2: Strikes out swinging
Batting: LHB Roberto García 0-0: Called Strike
0-1: Foul Ball, location: 2F
0-2: Ground out 6-3 (Groundball, 6M)
Bottom of the 7th over - 0 runs, 2 hits, 0 errors, 2 left on base; St Charles 4 - Pocatello 8
TOP OF THE 8TH
St Charles Sheens batting - Pitching for Pocatello Bellas : LHP Hong-ryul Yun
Batting: RHB Ramón Molina 0-0: Called Strike
0-1: Foul Ball, location: 2F
0-2: Foul Ball, location: 2F
0-2: Ball
1-2: Foul Ball, location: 2F
1-2: Ground out 4-3 (Groundball, 4)
Batting: RHB Glen MacDonald 0-0: Called Strike
0-1: Called Strike
0-2: Ball
1-2: Foul Ball, location: 2F
1-2: Ground out 4-3 (Groundball, 4)
Batting: RHB Sergio Pujols 0-0: Called Strike
0-1: Called Strike
0-2: Ball
1-2: Foul Ball, location: 2F
1-2: Strikes out looking
Top of the 8th over - 0 runs, 0 hits, 0 errors, 0 left on base; St Charles 4 - Pocatello 8
BOTTOM OF THE 8TH
Pocatello Bellas batting - Pitching for St Charles Sheens : LHP Scott Davis
Batting: RHB Júlio Figueroa 0-0: Called Strike
0-1: Ball
1-1: Foul Ball, location: 2F
1-2: Ball
2-2: Foul Ball, location: 2F
2-2: Ball
3-2: SINGLE (Line Drive, 7S)
Batting: SHB Juan Castro 0-0: Ball
1-0: Sac Bunt - play at first, batter OUT! 1-4
Júlio Figueroa to second
Batting: RHB Juan Rodríguez 0-0: Ball
1-0: Fly out, F7 (Flyball, 78M)
Batting: RHB Francisco Ibarra 0-0: Called Strike
0-1: Ball
1-1: Fly out, F9 (Flyball, 9)
Bottom of the 8th over - 0 runs, 1 hit, 0 errors, 1 left on base; St Charles 4 - Pocatello 8
TOP OF THE 9TH
St Charles Sheens batting - Pitching for Pocatello Bellas : LHP Hong-ryul Yun
Pitching: RHP Jaime Espinoza
Batting: RHB Salvador Rodríguez 0-0: Called Strike
0-1: Ball
1-1: Ball
2-1: Swinging Strike
2-2: Strikes out swinging
Batting: RHB Miguel Palácios 0-0: Ball
1-0: SINGLE (Line Drive, 9S)
Batting: LHB Larry Howard 0-0: Called Strike
0-1: Swinging Strike
0-2: Strikes out swinging
Batting: RHB Shawn Gutiérrez 0-0: Called Strike
0-1: Swinging Strike
0-2: Strikes out looking
Top of the 9th over - 0 runs, 1 hit, 0 errors, 1 left on base; St Charles 4 - Pocatello 8
Saturday, April 7th, 2018 - OOTP Baseball 18.8 Build 76